 Dungeon Crawl Stone Soup version 0.15-a0-882-g24d5453 (console) character file.

3605 splat the Nimble (level 9, -8/62 HPs)
             Began as a Plutonian Chaos Knight on May 18, 2014.
             Was a Plaything of Xom.
             Killed by a magical explosion (34 damage)
             ... on Level 9 of the Dungeon.
             The game lasted 00:17:34 (8167 turns).

splat the Nimble (Plutonian Chaos Knight)           Turns: 8167, Time: 00:17:34

HP  -8/62        AC  8     Str 15      XL: 9   Next: 86%
MP  14/14        EV 18     Int 14      God: Xom
Gold 367         SH 15     Dex 20      Spells:  0 memorised,  8 levels left

rFire  . . .     SeeInvis .     a - +1 short sword (chaos)
rCold  + . .     Clarity  .     Q - +2 leather armour {MR+}
rNeg   . . .     Conserve .     U - +0 shield
rPois  +         rCorr    .     (no helmet)
rElec  .         rRot     .     l - +1 cloak
SustAb .         Spirit   .     (no gloves)
rMut   .         Warding  .     (no boots)
Gourm  +         Stasis   .     E - amulet of the gourmand
MR     +....                    v - +3,+4 ring of slaying
                                t - ring of poison resistance

@: very slightly contaminated, somewhat resistant to hostile enchantments,
unstealthy
A: agile 2, clever 1, cold resistance 1, mutation resistance 1, shaggy fur 1,
slow metabolism 1, strong 1, no device heal 1
a: Overload, Renounce Religion


You were on level 9 of the Dungeon.
You worshipped Xom.
You were a favourite toy of Xom.
You were not hungry.

You visited 2 branches of the dungeon, and saw 10 of its levels.

You collected 412 gold pieces.
You spent 45 gold pieces at shops.

Inventory:

Hand weapons
 a - a +1,+1 short sword of chaos (weapon)
 b - the -3,+7 sling of Gyxteosah {frost, rElec}
   (You found it on level 4 of the Dungeon)

   It turns projectiles fired from it into bolts of frost.
   It insulates you from electricity.
 g - a +0,+2 dagger of venom
   (You took it off an orc wizard on level 4 of the Dungeon)
 p - a +1,+3 cutlass of freezing
   (You took it off Eustachio on level 5 of the Dungeon)
 G - a +1,+2 vampiric short sword
   (You took it off a kobold on level 6 of the Dungeon)
 T - a +1,+1 dire flail of crushing
   (You found it on level 8 of the Dungeon)
Missiles
 f - 57 stones
 q - 17 sling bullets of frost
 s - 6 curare-tipped needles {!f}
 B - 3 exploding darts (quivered)
 C - 6 steel sling bullets
 N - 6 javelins of penetration
Armour
 l - a +1 cloak (worn)
   (You found it on level 1 of the Dungeon)
 Q - a +2 leather armour of magic resistance (worn)
   (You took it off Edmund on level 8 of the Dungeon)
 U - a +0 shield (worn)
   (You found it on level 9 of the Dungeon)
Magical devices
 k - a wand of fireball (4)
   (You found it on level 8 of the Dungeon)
 m - a wand of digging (23)
   (You took it off Eustachio on level 5 of the Dungeon)
 D - a wand of flame (13)
   (You found it on level 7 of the Dungeon)
 L - a wand of polymorph (6)
   (You found it on level 7 of the Dungeon)
 O - a wand of fire (7)
   (You found it on level 8 of the Dungeon)
Comestibles
 i - 4 meat rations
 u - a lemon
 x - 9 bread rations
 H - an apricot
 I - a cheese
 M - 3 royal jellies
Scrolls
 o - a scroll of enchant weapon I
 r - 6 scrolls of remove curse
 z - a scroll of fear
 F - a scroll of fog
 K - a scroll of recharging
 P - a scroll of magic mapping
 R - 6 scrolls of teleportation
Jewellery
 d - an uncursed ring of fire
   (You found it on level 1 of the Dungeon)
 t - a ring of poison resistance (left hand)
   (You found it on level 2 of the Dungeon)
 v - a +3,+4 ring of slaying (right hand)
   (You found it on level 2 of the Dungeon)
 w - an uncursed ring of see invisible
   (You found it on level 2 of the Dungeon)
 y - an uncursed ring of positive energy {unknown}
   (You found it on level 2 of the Dungeon)
 E - an amulet of the gourmand (around neck)
   (You found it on level 4 of the Dungeon)
Potions
 c - 2 potions of curing
 e - a potion of might
 h - a potion of lignification
 n - 2 potions of haste
 A - a potion of restore abilities
 J - a potion of heal wounds
 S - a potion of flight {unknown}
Books
 j - a book of Wizardry
   (You found it on level 5 of the Dungeon)

   Spells                             Type                      Level
   Agony                              Necromancy                   5
   Force Lance                        Conjuration                  5
   Dispersal                          Translocation                6
   Haste                              Charms                       6
   Invisibility                       Hexes                        6
   Spellforged Servitor               Conjuration/Summoning        7


   Skills:
 - Level 6.3 Fighting
 - Level 6.1 Short Blades
 - Level 2.0 Armour
 + Level 10.7 Dodging
 + Level 5.1 Evocations


You had 8 spell levels left.
You didn't know any spells.

Dungeon Overview and Level Annotations

Branches:
Dungeon (9/15)             Temple (1/1) D:6
    Orc: D:9-12        Lair: D:8-11

Altars:
Ashenzari
Dithmenos
Elyvilon
Gozag
Kikubaaqudgha
Makhleb
Nemelex Xobeh
Okawaru
Qazlal
Sif Muna
Trog
Vehumet
Xom
Yredelemnul
Zin
The Shining One

Shops:
D:4 *


Innate Abilities, Weirdness & Mutations

Potions and wands are less effective at restoring your health.
You are very agile. (Dex +4)
Your mind is acute. (Int +2)
Your flesh is cold resistant.
You are somewhat resistant to further mutation.
You are covered in fur (AC +1).
You have a slow metabolism.
Your muscles are strong. (Str +2)


Message History

The killer bee completely misses you. The killer bee stings you!
The killer bee completely misses you.
You miss the killer bee.
The killer bee is moderately wounded.
The killer bee stings you. The killer bee barely misses you.
You hit the killer bee. You freeze the killer bee.
The killer bee is heavily wounded.
The killer bee misses you. You block the killer bee's attack.
You block the killer bee's attack. The killer bee misses you.
Use which ability? (? or * to list) Are you sure you want to explode?
The magical storm engulfs you!
Ouch! That really hurt!
You die...
Xom is highly amused!

##...# #....
#...##
#....##
#....### ##
#......# #...
###....##
.....
#...y.##
.....#
###)@..##...#
##y).#....#
#)<......#
##.....###
#....##
######


You could see 2 killer bees.

Vanquished Creatures
  A spriggan (D:8)
  Eustachio (D:5)
  A naga (D:7)
  Edmund (D:8)
  An ice beast (D:8)
  An orc warrior (D:6)
  3 sky beasts
  A necrophage (D:8)
  2 ogres
  A centaur (D:3)
  Sigmund (D:7)
  A big kobold (D:6)
  5 giant frogs
  Blork the orc (D:4)
  2 scorpions
  6 wights
  3 goliath beetles
  2 crimson imps
  2 jellies (D:5)
  A giant frog skeleton (D:9)
  A quasit (D:6)
  2 orc priests
  Natasha (D:3)
  6 orc wizards
  3 hounds
  5 worker ants (D:7)
  6 killer bees
  6 adders
  4 gnolls
  A shadow imp (D:5)
  3 worms
  An adder skeleton (D:7)
  An adder zombie (D:8)
  An iguana skeleton (D:6)
  7 giant geckos
  An ooze (D:1)
  24 orcs
  A bat skeleton (D:7)
  11 hobgoblins
  11 jackals
  32 kobolds
  A quokka (D:6)
  19 bats
  4 giant cockroaches
  A giant gecko zombie (D:6)
  7 giant newts
  10 goblins
  A hobgoblin skeleton (D:4)
  2 orc skeletons (D:6)
  An orc zombie (D:6)
  11 rats
  A rat zombie (D:7)
223 creatures vanquished.

Vanquished Creatures (collateral kills)
  A deep elf mage (D:8)
  2 wights (D:7)
  A plant (D:6)
4 creatures vanquished.

Vanquished Creatures (others)
  A killer bee (D:9)
  2 gnolls (D:3)
  A shadow imp (D:9)
  An orc (D:3)
5 creatures vanquished.

Grand Total: 232 creatures vanquished

Notes
Turn   | Place    | Note
--------------------------------------------------------------
     0 | D:1      | splat, the Plutonian Chaos Knight, began the quest for the Orb.
     0 | D:1      | Reached XP level 1. HP: 16/16 MP: 1/1
    45 | D:1      | XOM: silly message
   187 | D:1      | Reached XP level 2. HP: 21/21 MP: 2/2
   287 | D:1      | XOM: silly message
   528 | D:1      | XOM: harmless Trmt miscast
   868 | D:2      | XOM: divination: detect items
   878 | D:2      | Reached XP level 3. HP: 24/26 MP: 3/3
   891 | D:2      | Found an ancient bone altar of Kikubaaqudgha.
   894 | D:2      | XOM: potion effect (berserk rage)
   986 | D:2      | XOM: enchant monster (bad)
  1081 | D:2      | XOM: harmless Chrm miscast
  1244 | D:2      | Reached skill level 4 in Short Blades
  1563 | D:2      | XOM: silly message
  1675 | D:3      | Reached XP level 4. HP: 21/31 MP: 3/3
  1814 | D:3      | Noticed a centaur
  1984 | D:3      | XOM: harmless Tloc miscast
  1994 | D:3      | XOM: scenery: create altars
  2286 | D:3      | XOM: severe Trmt miscast
  2415 | D:3      | Killed a centaur
  2415 | D:3      | Reached XP level 5. HP: 17/36 MP: 4/4
  2578 | D:3      | Reached skill level 5 in Short Blades
  2699 | D:3      | Noticed Natasha
  2887 | D:3      | Killed Natasha
  3022 | D:4      | Got an encrusted sling
  3033 | D:3      | XOM: give mutations
  3033 | D:3      | Gained mutation: You are covered in fur (AC +1). [Xom's grace]
  3033 | D:3      | Gained mutation: Your mind is acute. (Int +2) [Xom's grace]
  3033 | D:3      | Gained mutation: You are agile. (Dex +2) [Xom's grace]
  3033 | D:3      | Gained mutation: You are very agile. (Dex +4) [Xom's grace]
  3073 | D:3      | XOM: vitrification
  3078 | D:3      | Identified the -3,+7 sling of Gyxteosah {frost, rElec} (You found it on level 4 of the Dungeon)
  3103 | D:3      | XOM: god gift: 30 gold pieces
  3150 | D:4      | XOM: give mutations
  3150 | D:4      | Gained mutation: Your flesh is cold resistant. [Xom's grace]
  3150 | D:4      | Gained mutation: Your muscles are strong. (Str +2) [Xom's grace]
  3153 | D:4      | XOM: give mutations
  3153 | D:4      | Gained mutation: You have a pair of small horns on your head. [Xom's grace]
  3153 | D:4      | Gained mutation: You are somewhat resistant to further mutation. [Xom's grace]
  3153 | D:4      | Gained mutation: You have a slow metabolism. [Xom's grace]
  3228 | D:4      | XOM: enchant monster (good)
  3241 | D:4      | XOM: 3-stop teleportation journey
  3282 | D:4      | Found a radiant altar of Vehumet.
  3311 | D:4      | XOM: harmless Divn miscast
  3333 | D:4      | Reached XP level 6. HP: 42/42 MP: 5/5
  3376 | D:4      | Found a bloodstained altar of Trog.
  3423 | D:4      | Reached skill level 5 in Dodging
  3482 | D:4      | Noticed an ogre
  3486 | D:4      | Killed an ogre
  3526 | D:4      | Noticed Blork the orc
  3541 | D:4      | Reached skill level 6 in Dodging
  3541 | D:4      | Reached XP level 7. HP: 46/46 MP: 5/5
  3649 | D:4      | Killed Blork the orc
  3684 | D:4      | Found Rulloe Zium's General Store.
  3722 | D:4      | Bought a scroll of immolation for 45 gold pieces
  3828 | D:5      | Entered Level 5 of the Dungeon
  3831 | D:5      | XOM: silly message
  3842 | D:5      | Found a glowing golden altar of the Shining One.
  3885 | D:5      | Reached skill level 7 in Dodging
  3943 | D:5      | Noticed Eustachio
  3950 | D:5      | XOM: cast spell 'Cause Fear'
  3960 | D:5      | Killed Eustachio
  4173 | D:5      | Found a white marble altar of Elyvilon.
  4428 | D:6      | Reached skill level 8 in Dodging
  4434 | D:6      | XOM: enchant monster (bad)
  4607 | D:6      | XOM: vitrification
  4678 | D:6      | XOM: fake destruction
  4684 | D:6      | Reached XP level 8. HP: 50/52 MP: 6/6
  4731 | D:6      | XOM: mild Tloc miscast
  4781 | D:6      | XOM: colour smoke trail
  4982 | D:6      | Found a shattered altar of Ashenzari.
  5285 | D:6      | Found an iron altar of Okawaru.
  5286 | D:6      | Found a stormy altar of Qazlal.
  5348 | D:6      | Found a staircase to the Ecumenical Temple.
  5639 | D:6      | XOM: silly message
  5652 | Temple   | Entered the Ecumenical Temple
  5800 | Temple   | XOM: colour smoke trail
  5885 | D:7      | XOM: god gift: 7 arrows of dispersal
  5962 | D:6      | XOM: god gift: scale mail {god gift}
  6084 | D:7      | XOM: summons friendly crimson imp
  6280 | D:7      | Reached skill level 9 in Dodging
  6323 | D:7      | Reached skill level 5 in Fighting
  6402 | D:7      | Noticed Sigmund
  6410 | D:7      | Killed Sigmund
  6508 | D:7      | XOM: confuse monster(s)
  6519 | D:7      | Reached XP level 9. HP: 61/61 MP: 7/7
  6893 | D:7      | XOM: god gift: 3 royal jellies
  7005 | D:8      | Reached skill level 1 in Evocations
  7071 | D:8      | Reached skill level 10 in Dodging
  7144 | D:8      | XOM: colour smoke trail
  7186 | D:8      | XOM: give mutation
  7186 | D:8      | Lost mutation: You have a pair of small horns on your head. [Xom's mischief]
  7216 | D:8      | XOM: vitrification
  7358 | D:8      | XOM: enchant monster (good)
  7373 | D:8      | Found an opulent altar of Gozag.
  7380 | D:8      | XOM: summons 5 friendly demons
  7634 | D:8      | Noticed Edmund
  7650 | D:8      | Killed Edmund
  7777 | D:8      | XOM: scenery: create altars
  8077 | D:8      | XOM: vitrification
  8129 | D:9      | XOM: summons friendly shadow imp
  8131 | D:9      | Reached skill level 5 in Evocations
  8142 | D:9      | XOM: swap monsters
  8144 | D:9      | XOM: god gift: runed shortbow {god gift}
  8167 | D:9      | Killed by a magical explosion

Action                   |  1- 3 |  4- 6 |  7- 9 || total
-------------------------+-------+-------+-------++-------
Melee: Short sword       |   136 |    95 |   385 ||   616
       Dagger            |       |       |    26 ||    26
 Fire: Sling             |       |    36 |    52 ||    88
 Abil: Overload          |       |     1 |       ||     1
Evoke: Wand              |       |       |     8 ||     8
  Use: Scroll            |       |    13 |     8 ||    21
 Stab: Confused          |       |       |     1 ||     1
       Sleeping          |       |       |     1 ||     1
       Paralysed         |       |       |     4 ||     4
       Petrifying        |       |       |     2 ||     2

Action                   |  1- 3 |  4- 6 |  7- 9 || total
-------------------------+-------+-------+-------++-------
Melee: Short sword       |   136 |    95 |   385 ||   616
       Dagger            |       |       |    26 ||    26
 Fire: Sling             |       |    36 |    52 ||    88
 Abil: Overload          |       |     1 |       ||     1
Evoke: Wand              |       |       |     8 ||     8
  Use: Scroll            |       |    13 |     8 ||    21
 Stab: Confused          |       |       |     1 ||     1
       Sleeping          |       |       |     1 ||     1
       Paralysed         |       |       |     4 ||     4
       Petrifying        |       |       |     2 ||     2

Vault maps used:
D:1:      evilmike_arrival_run_for_it
D:2:      lemuel_round_altar
D:3:      uniq_natasha
D:4:      nicolae_overflow_hidden_temple, serial_shops, nicolae_shop_waterfront,
          first_bread, uniq_blork_the_orc
D:5:      lemuel_round_altar, elyvilon_altar_5, uniq_eustachio
D:6:      kennysheep_kobold_camp, kennysheep_little_box,
          gammafunk_temple_overflow_pools, minmay_temple_entry_nine_rooms
D:7:      uniq_sigmund
D:8:      lemuel_doored_altar, the_bakery, uniq_edmund
D:9:      beetle_altar_1, kennysheep_dice
Temple:   temple_island_7
